 Dungeon Crawl Stone Soup version 0.18.1-50-g88ac8fd (webtiles) character file.

87 Chiseanne the Gusty (level 4, 0/36 HPs)
             Began as a Centaur Air Elementalist on Oct 21, 2016.
             Slain by a gnoll
             ... wielding a +0 club
              (9 damage)
             ... on level 2 of the Dungeon.
             The game lasted 00:07:47 (3172 turns).

Chiseanne the Gusty (Centaur Air Elementalist)      Turns: 3172, Time: 00:07:49

Health: 0/36       AC:  4    Str: 10    XL:     4   Next: 28%
Magic:  2/7        EV: 10    Int: 15    God:
Gold:   101        SH:  0    Dex: 10    Spells: 1 memorised, 6 levels left

rFire  . . .     SeeInvis .     a - +1 long sword
rCold  . . .     Gourm    .     s - +0 robe
rNeg   . . .     Faith    .     (no shield)
rPois  .         Spirit   .     (no helmet)
rElec  .         Dismiss  .     (no cloak)
rCorr  .         Reflect  .     (no gloves)
SustAt .         Harm     .     (no barding)
MR     .....                    (no amulet)
Stlth  +.........               (no ring)
                                d - ring of wizardry

@: very quick, not resistant to hostile enchantments, very unstealthy
A: hooves 3, deformed body, speed 2, tough skin 3
a: no special abilities


You were on level 2 of the Dungeon.
You were not hungry.

You visited 1 branch of the dungeon, and saw 2 of its levels.

You collected 101 gold pieces.

Inventory:

Hand Weapons
 a - a +1 long sword (weapon)
Missiles
 e - 36 arrows
 g - 34 bolts
 i - 2 tomahawks (quivered)
 k - 28 sling bullets
 m - 55 stones
Armour
 q - a cursed +0 ring mail
 s - a +0 robe (worn)
Jewellery
 d - a ring of wizardry (left hand)
Wands
 u - a wand of random effects (15/48)
Scrolls
 f - 3 scrolls of blinking
 t - a scroll of identify
Potions
 h - a potion of agility
 j - a potion of flight
 n - a potion of curing
 o - a potion of cure mutation
Books
 b - a book of Air

   Spells                             Type                      Level
   a - Shock                          Conjuration/Air              1
   b - Swiftness                      Charms/Air                   2
   c - Repel Missiles                 Charms/Air                   2
   d - Static Discharge               Conjuration/Air              3
   e - Lightning Bolt                 Conjuration/Air              5
Comestibles
 c - 2 bread rations
 l - 3 chunks of flesh
 p - a meat ration
 r - 4 fruits


   Skills:
 * Level 1.7 Fighting
 * Level 2.1 Dodging
 - Level 1.2 Stealth
 * Level 2.1 Spellcasting
 * Level 2.0 Conjurations
 - Level 2.6 Air Magic


You had 6 spell levels left.
You knew the following spells:

 Your Spells              Type           Power        Failure   Level  Hunger
a - Shock                 Conj/Air       #...         4%          1    #......


Dungeon Overview and Level Annotations

Branches:
Dungeon (2/15)

Altars:
Ru


Innate Abilities, Weirdness & Mutations

You have hooves in place of feet.
Armour fits poorly on your strangely shaped body.
You cover ground very quickly.
You have extremely tough skin (AC +3).


Message History

Evoking this partially-identified wand wasted a few charges.
You feel sick.
Evoke which item? (* to show all) (? for menu, Esc to quit)
Zapping:
u - a wand of random effects {zapped: 3} (will waste charges)
Press: ? - help, Shift-Dir - straight line, f/p - gnoll
Aim: a gnoll, wielding a club (severely wounded)
The gnoll seems to speed up.
Evoking this partially-identified wand wasted a few charges.
You feel sick.
You are no longer poisoned.
There is an open door here.
There is an open door here.
Evoke which item? (* to show all) (? for menu, Esc to quit)
Zapping:
u - a wand of random effects {zapped: 6} (will waste charges)
Press: ? - help, Shift-Dir - straight line, f/p - gnoll
Aim: a gnoll, wielding a club (heavily wounded, fast) Nothing appears to happen.
Evoking this partially-identified wand wasted a few charges.
The gnoll hits you with a club!
You die...

############ #..........#
#..........# #..........# ######
#..........# #....# #..........#
#######....#####..........##
......'...g'..g@...........#
######....#####...........##
#.............#............##
###.............##......###...###
........K.......'').....<.'...').
................##.......##...###
................##.......##...##
................##.......##...'#
................##.......##...'##


You could see 2 gnolls.

Vanquished Creatures
  A gnoll (D:2)
  2 adders (D:2)
  A worm (D:2)
  A dart slug (D:2)
  3 giant geckos (D:1)
  3 giant cockroaches
  4 goblins
  11 hobgoblins
  2 quokkas (D:2)
  2 bats (D:1)
  9 giant newts (D:1)
  9 kobolds
  2 rats (D:1)
50 creatures vanquished.

Notes
Turn   | Place    | Note
--------------------------------------------------------------
     0 | D:1      | Chiseanne the Centaur Air Elementalist began the quest for the Orb.
     0 | D:1      | Reached XP level 1. HP: 14/14 MP: 3/3
   149 | D:1      | Reached skill level 1 in Conjurations
   408 | D:1      | Reached XP level 2. HP: 16/22 MP: 1/4
   642 | D:1      | Reached skill level 1 in Fighting
   648 | D:1      | HP: 1/23 [giant newt (2)]
  1346 | D:1      | Reached XP level 3. HP: 28/28 MP: 5/5
  2794 | D:2      | Reached XP level 4. HP: 15/35 MP: 0/7
  3062 | D:2      | Found a sacrificial altar of Ru.
  3172 | D:2      | Slain by a gnoll

Skill      XL: |  1  2  3 |
---------------+----------+-----
Conjurations   | 1 2 |  2.0
Fighting       | 1 |  1.7
Spellcasting   | 2 |  2.1
Dodging        | 2 |  2.1
Stealth        | |  1.2
Air Magic      | |  2.6

Action                   |  1- 3 |  4- 6 || total
-------------------------+-------+-------++-------
Melee: Whip              |    18 |       ||    18
       Kick              |    11 |     2 ||    13
       Spear             |    61 |       ||    61
       Long sword        |    10 |    10 ||    20
Throw: Tomahawk          |       |     2 ||     2
 Cast: Shock             |   101 |    12 ||   113
Evoke: Wand              |       |     3 ||     3
  Use: Scroll            |    11 |       ||    11
       Potion            |     1 |       ||     1
  Eat: Chunk             |     7 |     1 ||     8
Armor: Robe              |    51 |     3 ||    54
Dodge: Dodged            |    60 |     8 ||    68
